 Dungeon Sprint DCSS version 0.29-a0-723-gce39da1c22 (webtiles) character file.

Game seed: 2961361571665544602

15263 zeratav the Bewitcher (level 11, -10/60 HPs)
             Began as a Spriggan Brigand on June 28, 2022.
             Was the Champion of Wu Jian.
             Mangled by a fire giant
             ... wielding a +1 great sword of flaming
              (12 damage)
             ... in the Dungeon (Sprint I: "Red Sonja").
             The game lasted 00:20:12 (3731 turns).

zeratav the Bewitcher (Spriggan Brigand)            Turns: 3731, Time: 00:20:12

Health: -10/60     AC:  3    Str:  7    XL:     11   Next: 99%
Magic:  0/28       EV: 32    Int: 15    God:    Wu Jian [******]
Gold:   2031       SH:  0    Dex: 23    Spells: 10/20 levels left

rFire   . . .      SeeInvis +   x - +12 dagger of Oloofa {vamp, +Blink MP+9 Int+2, short}
rCold   . . .      Faith    .   (no shield)
rNeg    . . .      Spirit   +   b - +0 robe
rPois   .          Reflect  .   C - +0 hat
rElec   .          Harm     .   c - +0 cloak
rCorr   .          Rampage  .   (gloves unavailable)
Will    ++...      NoTele   +   (boots unavailable)
Stlth   +++++.....              s - amulet of Sugaedycs {Spirit Regen+ Dex+2}
HPRegen 1.00/turn               w - ring of willpower
MPRegen 0.21/turn               (no ring)

@: exhausted, very quick
A: very small, no large weapons, unfitting armour, see invisible, speed 3
a: Renounce Religion, Evoke Blink, Wall Jump, Serpent's Lash, Heavenly Storm


You were in the Dungeon.
You worshipped Wu Jian.
Wu Jian was exalted by your worship.
You visited 1 branch You collected 3121 gold pieces.
You spent 1090 gold pieces at shops.


Innate Abilities, Weirdness & Mutations

You are very small and have problems with some larger weapons.
You are too small for most types of armour.
You have supernaturally acute eyesight. (SInv)
You cover ground extremely quickly. (Speed+++)


   Skills:
 - Level 8.0 Fighting
 - Level 8.0 Short Blades
 - Level 6.0 Throwing
 + Level 6.3 Armour
 - Level 15.0 Dodging
 - Level 12.0 Stealth
 - Level 5.0 Spellcasting
 - Level 20.0 Hexes
 - Level 10.0 Summonings
 - Level 15.0 Translocations


You had 10 spell levels left.
You knew the following spells:

 Your Spells              Type           Power      Damage    Failure   Level
a - Confusing Touch       Hex            59%        N/A       0%          3
b - Enfeeble              Hex            29%        N/A       3%          7

Your spell library contained the following spells:

 Spells                   Type           Power      Damage    Failure   Level
 Gell's Gravitas          Tloc           48%        N/A       1%          3
 Inner Flame              Hex/Fire       33%        N/A       1%          3
 Teleport Other           Tloc           48%        N/A       1%          3
 Cause Fear               Hex            29%        N/A       1%          4
 Dispersal                Tloc           24%        N/A       5%          6
 Yara's Violent Unravell  Hex/Tmut       16%        3d8       8%          5
 Discord                  Hex            29%        N/A       28%         8

Inventory:

Hand Weapons
 p - the +6 dagger of the Pillar {flame, rF+ rN+, short}
   (You bought it in a shop in the Dungeon)

   It burns those it strikes, dealing additional fire damage.
   rF:        It protects you from fire.
   rN:        It protects you from negative energy.
 x - the +12 dagger of Oloofa (weapon) {vamp, +Blink MP+9 Int+2, short}
   (You bought it in a shop in the Dungeon)

   It occasionally heals its wielder for a portion of the damage dealt when it
   wounds a living foe.
   Int:       It affects your intelligence (+2).
   MP:        It affects your magic capacity (+9).
   +Blink:    It lets you blink.
Missiles
 d - 13 poisoned darts (quivered) {throwing}
 e - 4 curare-tipped darts {=fthrowing}
Armour
 b - a +0 robe (worn)
 c - a +0 cloak (worn)
 B - +0 shadow dragon scales {rare}
   (You found it in the Dungeon)
 C - a +0 hat (worn)
   (You found it in the Dungeon)
Jewellery
 s - the amulet of Sugaedycs (around neck) {Spirit Regen+ Dex+2}
   (You found it in the Dungeon)

   [amulet of guardian spirit]

   It causes incoming damage to be divided between your reserves of health and
   magic.
   Dex:       It affects your dexterity (+2).
   Regen:     It increases your rate of health regeneration.
 w - a ring of willpower (left hand)
   (You bought it in a shop in the Dungeon)
Wands
 f - a wand of flame (13)
   (You found it in the Dungeon)
 l - a wand of digging (10)
   (You took it off Ijyb in the Dungeon)
 A - a wand of mindburst (21)
   (You found it in the Dungeon)
Scrolls
 a - 3 scrolls of amnesia {unknown}
 o - a scroll of immolation {!r!r}
 q - a scroll of fog
 t - a scroll of enchant armour
 D - a scroll of brand weapon {unknown}
Potions
 h - a potion of haste {@q3}
 i - 2 potions of magic
 j - a potion of berserk rage {!q}
 k - a potion of might
 m - a potion of cancellation
 n - a potion of lignification {!q}
 r - a potion of brilliance
 v - a potion of flight {unknown}
 z - a potion of mutation {unknown}
Miscellaneous
 u - a phial of floods
   (You found it in the Dungeon)
 y - a box of beasts
   (You found it in the Dungeon)

Dungeon Overview and Level Annotations

Branches:
Dungeon (1/1) Zot: 27000

Altars:
Cheibriados
Dithmenos
Elyvilon
Fedhas
Gozag
Hepliaklqana
Kikubaaqudgha
Makhleb
Nemelex Xobeh
Okawaru
Qazlal
Ru
Sif Muna
Trog
Uskayaw
Vehumet
Wu Jian
Xom
Yredelemnul
Zin
The Shining One
Jiyva
Lugonu

Shops:
D

[:*(*:[?(:*?*([[([
'.....'.∩##.#..# ##...# ≈..#
###########§# ###.#M≈..#
##.......##§# #.###..#
.#.......§§§# #.# '..#
.#...######§# ####'#
.#....§.§§#§#### ###....#
##....§§§#§§#(:$#####...####
.......§§####?....°.).###
.)....§≈§##(.).C@○#####
..†..≈≈§###....CC##
..≈≈≈≈### #/....##
######'####.....
#######∩∩#######
∩∩∩∩∩∩∩∩###≈≈≈≈≈ #########
###### #..0..


You could see 3 fire giants.


Message History

HP[+1]
You close the door.
HP[+1] MP[+1] HP[+1] HP[+1] HP[+1]
You start resting.
You feel less exhausted.
HP[+8] MP[+2]
You regained 8 hp, and now have 22/60 hp.
You regained 2 mp, and now have 6/28 mp.
Unknown command.
You start resting.
A fire giant is nearby!
HP[+6] MP[+1]
You regained 6 hp, and now have 28/60 hp.
The fire giant shouts!
HP[+1]
The daeva calls down the wrath of the Shining One upon you.
The Shining One smites you!
* * * LOW HITPOINT WARNING * * *
HP[-10] MP[-2]
You take 10 damage, and now have 19/60 hp.
You lost 2 mp, and now have 5/28 mp.
HP[+1]
There is an open door here.
HP[+1]
You close the door.
HP[+1] HP[+1] HP[+1] MP[+1]
There is an open door, spattered with blood here.
HP[+1] HP[+1] HP[+1] HP[+1]
There is an open door here.
MP[+1] HP[+1]
You close the door.
HP[+1]
You start resting.
HP[+30] MP[+21]
Your hp is fully restored (60).
Your mp is fully restored (28).
You open the door.
There is an open door here.
There is an open door, spattered with blood here.
You open the door.
There is an open door here.
The daeva shouts!
The daeva calls down the wrath of the Shining One upon you.
The Shining One smites you!
HP[-7] MP[-3]
You take 7 damage, and now have 53/60 hp.
You lost 3 mp, and now have 25/28 mp.
The daeva calls down the wrath of the Shining One upon you.
The Shining One smites you!
HP[-8] MP[-4]
You take 8 damage, and now have 45/60 hp.
You lost 4 mp, and now have 21/28 mp.
The daeva calls down the wrath of the Shining One upon you.
The Shining One smites you!
HP[-6] MP[-3]
You take 6 damage, and now have 39/60 hp.
You lost 3 mp, and now have 18/28 mp.
HP[+1]
You start resting.
HP[+20] MP[+10]
Your hp is fully restored (60).
Your mp is fully restored (28).
There is an open door here.
You see here a +2 great sword of flaming {long}.
Your muscles tense, ready for explosive movement...
You lunge with incredible momentum at the fire giant.
The fire giant shouts! x2
You impale the fire giant!!
Your supernatural speed expires.
You hit the fire giant.
The fire giant points at you and mumbles some strange words.
The fireball explodes!
The fireball engulfs you!!
The fireball engulfs the fire giant.
The fire giant completely resists.
The fire giant hits you with a +1 great sword of flaming!
The fire giant burns you.
HP[-27] MP[-12]
You take 27 damage, and now have 33/60 hp.
MASSIVE DAMAGE!! (PAUSE)
You lost 12 mp, and now have 16/28 mp.
Casting: Enfeeble (quite dangerous; 3% risk of failure)
Confirm with . or Enter, or press ? or * to list all spells.
The spell is quite dangerous to miscast (3% risk of failure)!
Continue anyway?
Aiming: Enfeeble (quite dangerous; 3% risk of failure)
Press: ? - help, Shift-Dir - straight line, f - fire giant
Aim: a fire giant, wielding a +1 great sword of flaming and wearing a ring of protection from fire (moderately wounded, will inflict weakness and antimagic, chance to daze and blind: 70%)
The fire giant is enfeebled!
The fire giant hits you with a +1 great sword of flaming!
* * * LOW HITPOINT WARNING * * *
The fire giant burns you.
* * * LOW HITPOINT WARNING * * *
The fire giant hits you with a +1 great sword of flaming!!
* * * LOW HITPOINT WARNING * * *
The fire giant burns you!
You die...

Skill      XL: |  1  2  3  4  5  6  7  8  9 10 11 |
---------------+----------------------------------+-----
Stealth        | 10 12 | 12.0
Fighting       | 5 8 |  8.0
Short Blades   | 5 8 |  8.0
Dodging        | 11 15 | 15.0
Throwing       | 5 6 |  6.0
Spellcasting   | 5 |  5.0
Summonings     | 6 8 10 | 10.0
Translocations | 11 13 15 | 15.0
Hexes          | 13 20 | 20.0
Armour         | 6 |  6.3

Action                   |  1- 3 |  4- 6 |  7- 9 | 10-12 || total
-------------------------+-------+-------+-------+-------++-------
Melee: Dagger            |     2 |     4 |    39 |   426 ||   471
Throw: Dart              |     5 |     5 |       |       ||    10
 Cast: Enfeeble          |       |       |       |     4 ||     4
Invok: Lunge             |       |     3 |     5 |    35 ||    43
       Whirlwind         |       |       |     2 |     9 ||    11
       Serpent's Lash    |       |       |       |     5 ||     5
  Use: Scroll            |       |       |     1 |     6 ||     7
       Potion            |       |       |     3 |     2 ||     5
 Stab: Sleeping          |     1 |     3 |     8 |    14 ||    26
       Distracted        |       |       |       |     2 ||     2
       Invisible         |       |       |       |     5 ||     5
Armor: Robe              |       |       |     3 |    14 ||    17
Dodge: Dodged            |       |       |    23 |   330 ||   353

Levels and vault maps discovered:
D:        dungeon_sprint_1 [red_sonja_temple_1, red_sonja_temple_small_1]

Notes
Turn   | Place    | Note
-------+----------+-------------------------------------------
     0 | D        | zeratav the Spriggan Brigand began the quest for the Orb.
     0 | D        | Reached XP level 1. HP: 10/10 MP: 2/2
     0 | D        | magus.rc [v1.9.6]
     2 | D        | Noticed Ijyb
     5 | D        | Killed Ijyb
     6 | D        | Reached skill level 10 in Stealth
     6 | D        | Reached XP level 2. HP: 14/14 MP: 3/3
     8 | D        | Noticed an ogre
    26 | D        | Killed an ogre
    27 | D        | Reached skill level 12 in Stealth
    27 | D        | Reached skill level 5 in Fighting
    27 | D        | Reached XP level 3. HP: 23/23 MP: 4/4
    27 | D        | Reached XP level 4. HP: 27/27 MP: 5/5
   148 | D        | Noticed Sigmund
   164 | D        | Killed Sigmund
   165 | D        | Reached skill level 8 in Fighting
   165 | D        | Reached skill level 5 in Short Blades
   165 | D        | Reached XP level 5. HP: 18/34 MP: 6/6
   165 | D        | Reached XP level 6. HP: 21/39 MP: 7/7
   421 | D        | Found an ornate altar of the Wu Jian Council.
   421 | D        | Found a shimmering blue altar of Sif Muna.
   423 | D        | Found a radiant altar of Vehumet.
   426 | D        | Became a worshipper of the Wu Jian Council
   429 | D        | Reached skill level 6 in Short Blades
   438 | D        | Found Buvuh's Book Emporium.
   438 | D        | Found an ancient bone altar of Kikubaaqudgha.
   438 | D        | Found a hazy altar of Hepliaklqana.
   438 | D        | Found a stormy altar of Qazlal.
   438 | D        | Found a hide-covered altar of Uskayaw.
   438 | D        | Found a blossoming altar of Fedhas.
   438 | D        | Found a bloodstained altar of Trog.
   438 | D        | Found an iron altar of Okawaru.
   438 | D        | Found a basalt altar of Yredelemnul.
   438 | D        | Found a glowing golden altar of the Shining One.
   438 | D        | Found a snail-covered altar of Cheibriados.
   438 | D        | Found a sacrificial altar of Ru.
   438 | D        | Found a glowing silver altar of Zin.
   438 | D        | Found a shadowy altar of Dithmenos.
   438 | D        | Found a white marble altar of Elyvilon.
   438 | D        | Noticed a yak
   439 | D        | Found an opulent altar of Gozag.
   439 | D        | Killed a yak
   440 | D        | Reached skill level 8 in Short Blades
   440 | D        | Reached skill level 7 in Dodging
   440 | D        | Found a sparkling altar of Nemelex Xobeh.
   478 | D        | Noticed Sonja
   481 | D        | Killed Sonja
   481 | D        | Reached * piety under Wu Jian
   482 | D        | Reached skill level 10 in Dodging
   482 | D        | Reached skill level 5 in Throwing
   482 | D        | Reached skill level 11 in Dodging
   482 | D        | Reached skill level 5 in Spellcasting
   482 | D        | Reached XP level 7. HP: 43/43 MP: 7/15
   564 | D        | Found Bemohuz's Armour Boutique.
   584 | D        | Noticed a deep troll
   587 | D        | Killed a deep troll
   588 | D        | Reached skill level 6 in Throwing
   588 | D        | Reached skill level 15 in Dodging
   588 | D        | Reached XP level 8. HP: 47/47 MP: 16/16
   738 | D        | Found Kegy's Armour Emporium.
   767 | D        | Found a viscous altar of Jiyva.
   767 | D        | Found a corrupted altar of Lugonu.
   767 | D        | Noticed a slime creature
   768 | D        | Found a burning altar of Makhleb.
   768 | D        | Found a shimmering altar of Xom.
   769 | D        | Killed a slime creature
   770 | D        | Reached skill level 2 in Summonings
   770 | D        | Reached skill level 4 in Translocations
   801 | D        | Noticed a centaur warrior
   802 | D        | Noticed a centaur warrior
   803 | D        | Killed a centaur warrior
   803 | D        | Reached ** piety under Wu Jian
   803 | D        | Killed a centaur warrior
   804 | D        | Reached skill level 6 in Summonings
   804 | D        | Reached skill level 11 in Translocations
   804 | D        | Reached XP level 9. HP: 51/51 MP: 17/17
   825 | D        | Noticed an oklob plant
   826 | D        | Killed an oklob plant
   827 | D        | Reached skill level 7 in Summonings
   827 | D        | Reached skill level 12 in Translocations
   848 | D        | Reached *** piety under Wu Jian
   849 | D        | Reached skill level 13 in Translocations
   992 | D        | Noticed an unseen horror
   993 | D        | Noticed an unseen horror
   998 | D        | Killed an unseen horror
   999 | D        | Reached skill level 8 in Summonings
   999 | D        | Reached XP level 10. HP: 56/56 MP: 18/18
  1040 | D        | Reached skill level 14 in Translocations
  1158 | D        | Reached **** piety under Wu Jian
  1204 | D        | Reached skill level 9 in Summonings
  1213 | D        | Reached ***** piety under Wu Jian
  1214 | D        | Reached skill level 15 in Translocations
  1235 | D        | HP: 12/56 [necrophage (8)]
  1706 | D        | Found Neraum's Antique Weapon Shoppe.
  1707 | D        | Found Noilo's General Store.
  1707 | D        | Found Seic's Assorted Antiques.
  1799 | D        | HP: 13/56 [acid (2)]
  2058 | D        | Found Faheu's Weapon Boutique.
  2058 | D        | Found Cogg's Antique Armour Emporium.
  2059 | D        | Found Vucka's Antique Weapon Emporium.
  2062 | D        | Identified the amulet of Sugaedycs {Spirit Regen+ Dex+2}
  2122 | D        | Identified the +1 scale mail of Lucidity {Str+2}
  2139 | D        | Found Reoveapp's Book Emporium.
  2139 | D        | Found Veppin Batre's Armour Shop.
  2139 | D        | Found Imiep's Magic Scroll Shoppe.
  2139 | D        | Found Cekhir's Weapon Boutique.
  2139 | D        | Found Gezen's Book Emporium.
  2139 | D        | Found Pehico's Assorted Antiques.
  2139 | D        | Found Zestrib's Magic Scroll Shoppe.
  2141 | D        | Bought a scroll of identify for 20 gold pieces
  2141 | D        | Bought a scroll of identify for 20 gold pieces
  2147 | D        | Bought 2 scrolls of identify for 84 gold pieces
  2149 | D        | Found Mociecido's General Store.
  2150 | D        | Bought a book of Misfortune for 504 gold pieces
  2150 | D        | You pick up a book of Misfortune and begin reading...
  2150 | D        | You add the spells Confusing Touch, Yara's Violent
                  | Unravelling and Enfeeble to your library.
  2160 | D        | Bought a warped dagger for 189 gold pieces
  2160 | D        | Identified the +6 dagger of the Pillar {flame, rF+ rN+}
                  | (You bought it in a shop in the Dungeon)
  2170 | D        | Bought a copper ring for 105 gold pieces
  2172 | D        | Bought a translucent dagger for 168 gold pieces
  2172 | D        | Identified the +12 dagger of Oloofa {vamp, +Blink MP+9
                  | Int+2} (You bought it in a shop in the Dungeon)
  2305 | D        | Noticed a rust devil
  2311 | D        | Reached skill level 10 in Summonings
  2311 | D        | Reached skill level 3 in Hexes
  2328 | D        | Reached skill level 5 in Hexes
  2361 | D        | Learned a level 3 spell: Confusing Touch
  2372 | D        | Reached ****** piety under Wu Jian
  2373 | D        | Reached skill level 6 in Hexes
  2377 | D        | Reached skill level 7 in Hexes
  2377 | D        | Reached skill level 9 in Hexes
  2378 | D        | Reached skill level 10 in Hexes
  2378 | D        | Noticed a gargoyle
  2384 | D        | You pick up a book of Hexes and begin reading...
  2384 | D        | You add the spells Inner Flame, Cause Fear and Discord to
                  | your library.
  2396 | D        | Noticed a lindwurm
  2397 | D        | Killed a lindwurm
  2398 | D        | Reached skill level 11 in Hexes
  2414 | D        | Reached skill level 12 in Hexes
  2446 | D        | Reached skill level 13 in Hexes
  2446 | D        | Reached XP level 11. HP: 60/60 MP: 16/19
  2479 | D        | Reached skill level 14 in Hexes
  2575 | D        | Noticed a daeva
  2581 | D        | Reached skill level 15 in Hexes
  2600 | D        | Reached skill level 16 in Hexes
  2874 | D        | Noticed a fire giant
  2892 | D        | Noticed a 12-headed hydra
  2893 | D        | Killed a 12-headed hydra
  2894 | D        | Reached skill level 17 in Hexes
  2965 | D        | Learned a level 7 spell: Enfeeble
  2965 | D        | Noticed a shadow dragon
  2965 | D        | Noticed a golden dragon
  2986 | D        | Killed a shadow dragon
  2987 | D        | Reached skill level 18 in Hexes
  2988 | D        | +0 shadow dragon scales {rare}; a shadow dragon corpse
  2988 | D        | B - +0 shadow dragon scales {rare}
  3082 | D        | Killed a golden dragon
  3082 | D        | Reached skill level 3 in Armour
  3082 | D        | Reached skill level 19 in Hexes
  3128 | D        | You add the spells Gell's Gravitas, Teleport Other and
                  | Dispersal to your library.
  3149 | D        | Found Vukoveto's Armour Shoppe.
  3190 | D        | Noticed a deep elf annihilator
  3197 | D        | Reached skill level 20 in Hexes
  3212 | D        | HP: 11/60 [something (5)]
  3234 | D        | Reached skill level 4 in Armour
  3397 | D        | Noticed a mummy priest
  3502 | D        | Noticed a fire giant
  3503 | D        | Noticed a fire giant
  3503 | D        | Noticed a fire giant
  3508 | D        | Killed a fire giant
  3509 | D        | Reached skill level 6 in Armour
  3510 | D        | HP: 8/60 [fire giant/bolt of fire (36)]
  3731 | D        | HP: 2/60 [fire giant/+1 great sword of flaming (22)]
  3731 | D        | Mangled by a fire giant

Vanquished Creatures
  A golden dragon (D)
  A shadow dragon (D)
  A fire giant (D)
  2 centaur warriors (D)
  A hydra (D)
  Sonja (D)
  A deep troll (D)
  A lindwurm (D)
  An oklob plant (D)
  2 merfolk sirens (D)
  2 kobold demonologists (D)
  4 demonic crawlers (D)
  7 unseen horrors (D)
  A hellwing (D)
  2 hornets (D)
  A slime creature (D)
  Sigmund (D)
  A yak (D)
  13 hogs (D)
  2 redbacks (D)
  3 floating eyes (D)
  An ogre (D)
  7 necrophages (D)
  8 jellies (D)
  Ijyb (D)
  A ballistomycete spore (D)
67 creatures vanquished.

Vanquished Creatures (others)
  A hornet (D)
  A ballistomycete spore (D)
2 creatures vanquished.

Grand Total: 69 creatures vanquished

Table legend:
 A = Non-vault XP
 B = Vault XP
 C = Vault XP percentage of total XP
 D = Non-vault monster count
 E = Vault monster count
 F = Vault count percentage of total count
                 A         B        C        D         E       F
            +---------+---------+-------+---------+---------+-------
      Total |       0 |   21805 | 100.0 |       0 |      66 | 100.0
            +---------+---------+-------+---------+---------+-------
          D |       0 |   21805 | 100.0 |       0 |      66 | 100.0
            +---------+---------+-------+---------+---------+-------

Illustrated notes

Table legend:
 A = Kills in this place as a percentage of kills in entire the game.
 B = Kills by you in this place as a percentage of kills by you in the entire game.
 C = Kills by friends in this place as a percentage of kills by friends in the entire game.
 D = Other kills in this place as a percentage of other kills in the entire game.
 E = Experience gained in this place as a percentage of experience gained in the entire game.
 F = Experience gained in this place divided by the number of levels of this place that you have seen.
                   A       B       C       D       E      F
               +-------+-------+-------+-------+-------+----------------------
         Total | 100.0 | 100.0 |   N/A |   N/A | 100.0 | 21805.0
       Dungeon | 100.0 | 100.0 |   N/A |   N/A | 100.0 | 21805.0
               +-------+-------+-------+-------+-------+----------------------

Table legend: (Time is in decaauts)
 A = Elapsed time spent in this place.
 B = Non-inter-level travel time spent in this place.
 C = Inter-level travel time spent in this place.
 D = Time resting spent in this place.
 E = Time spent auto-exploring this place.
 F = Levels seen in this place.
 G = Mean time per level.
                   A        B        C        D        E       F      G
               +--------+--------+--------+--------+--------+-----+--------+
         Total |   3143 |   3074 |     69 |   1956 |      0 |   1 | 3143.0 |
       Dungeon |   3143 |   3074 |     69 |   1956 |      0 |   1 | 3143.0 |
               +--------+--------+--------+--------+--------+-----+--------+

Top non-repeatable levels by time:
       D: 3143 daAuts
